 Dungeon Crawl Stone Soup version 0.30-a0-140-gd1020e658a (webtiles) character file.

Game seed: 13918704126240637181

75 Decritt the Shooter (level 4, -12/23 HPs)
             Began as a Spriggan Hunter on Sept 24, 2022.
             Mangled by an ogre
             ... wielding a +0 giant club
              (35 damage)
             ... on level 3 of the Dungeon.
             The game lasted 00:04:13 (2190 turns).

Decritt the Shooter (Spriggan Hunter)               Turns: 2190, Time: 00:04:13

Health: -12/23     AC:  3    Str:  7    XL:     4   Next: 11%
Magic:  5/5        EV: 20    Int: 10    God:
Gold:   197        SH:  0    Dex: 26    Spells: 3/3 levels left

rFire   + . .      SeeInvis +    a - +0 shortbow
rCold   . . .      Faith    .    (shield currently unavailable)
rNeg    . . .      Spirit   .    c - +0 robe
rPois   .          Reflect  .    (helmet restricted)
rElec   .          Harm     .    t - +0 cloak
rCorr   .          Rampage  .    (gloves unavailable)
Will    .....                    (boots unavailable)
Stlth   +++.......               (no amulet)
HPRegen 0.07/turn                q - ring of protection from fire
MPRegen 0.09/turn                s - +6 ring of dexterity

@: very quick
A: very small, no large weapons, unfitting armour, see invisible, speed 3
a: no special abilities


You were on level 3 of the Dungeon.
You visited 1 branch of the dungeon, and saw 3 of its levels.

You collected 197 gold pieces.

Inventory:

Hand Weapons
 a - a +0 shortbow (weapon)
Armour
 c - a +0 robe (worn)
 t - a +0 cloak (worn)
Jewellery
 g - an amulet of magic regeneration
 q - a ring of protection from fire (left hand)
 s - a +6 ring of dexterity (right hand)
 u - a ring of protection from cold
 v - a ring of protection from fire
Scrolls
 b - 2 scrolls of immolation
 h - a scroll of silence {unknown}
 k - 2 scrolls of blinking {unknown}
 l - a scroll of enchant weapon {unknown}
 n - 5 scrolls of magic mapping {unknown}
 o - a scroll of enchant armour {unknown}
 r - 2 scrolls of noise {unknown}
 w - a scroll of torment {unknown}
 x - a scroll of teleportation {unknown}
 y - a scroll of poison {unknown}
Potions
 d - a potion of flight {unknown}
 e - a potion of mutation {unknown}
 f - a potion of attraction {unknown}
 i - 2 potions of resistance {unknown}
 j - a potion of lignification {unknown}
 m - a potion of curing {unknown}
 p - a potion of might {unknown}


   Skills:
 * Level 2.4 Fighting
 * Level 4.6 Ranged Weapons
 + Level 3.5 Dodging
 + Level 2.7 Stealth


You had 3 spell levels left.
You didn't know any spells.
Your spell library contained the following spells:

 Spells                   Type           Power      Damage    Failure   Level
 Beastly Appendage        Tmut           0%         N/A       36%         1
 Wereblood                Tmut           0%         N/A       50%         2
 Spider Form              Tmut/Pois      0%         N/A       75%         3


Dungeon Overview and Level Annotations

Branches:
Dungeon (3/15)

Altars:
Vehumet

Shops:
D:1 :


Innate Abilities, Weirdness & Mutations

You are very small and have problems with some larger weapons.
You are too small for most types of armour.
You have supernaturally acute eyesight. (SInv)
You cover ground extremely quickly. (Speed+++)


Message History

A ball python comes into view.
You shoot an arrow. The arrow hits the ball python.
You kill the ball python!
No target in view!
No target in view!
A goblin comes into view. It is wielding a +0 dagger of venom.
You shoot an arrow. The arrow hits the goblin!
You kill the goblin!
No target in view!
No target in view!
Things that are here:
a +0 dagger of venom; a goblin corpse You now have 197 gold pieces (gained 11).
x - a scroll labelled IKEKE IHINKU
k - 2 scrolls labelled GUUDDA LIGUU (gained 1)
y - a scroll labelled XUCUTE IWAMICW
b - 2 scrolls of immolation (gained 1)
Found a radiant altar of Vehumet.
An ogre comes into view. It is wielding a +0 giant club.
The ogre shouts!
You shoot an arrow. The arrow hits the ogre.
The ogre is moderately wounded.
You shoot an arrow. The arrow hits the ogre!
The ogre is heavily wounded.
You shoot an arrow. The arrow hits the ogre!
The ogre is almost dead.
You shoot an arrow. The arrow hits the ogre.
The ogre is almost dead.
There is an open door here.
You shoot an arrow. The arrow hits the ogre.
The ogre is almost dead.
The ogre closely misses you.
You shoot an arrow.
The arrow hits the ogre but does no damage.
The ogre is almost dead.
You shoot an arrow. The arrow hits the ogre.
The ogre is almost dead.
The ogre hits you with a +0 giant club!!
Ouch! That really hurt!
You die...

#...##.###........######
#.#........##..........#
#...##.#.###......####.#
##.###.##.#.....### #.# #.#
#.###.#....# #.#
#########.#######'####.# #.#
........#.##.'.......+.# #.#
#######.#.#..#.#...#.## #.#
#P##.....##@#._.#.# #.#
#.##.#.#..#O#.?.#.### #.#
#.##.#.#..+......?+.## #.#
#.##.#...#####+####..#####..
#.##......###.........#.....
#P##..................'.....
######.....#########....#.##..
#.......#.## #...##.##..
#...###.### #..###.##..


You could see an ogre.

Vanquished Creatures
  Crazy Yiuf (D:2)
  An adder (D:3)
  A worm (D:2)
  4 ball pythons
  2 bats
  2 endoplasms
  2 giant cockroaches (D:1)
  4 hobgoblins
  2 kobolds
  A quokka (D:1)
  4 frilled lizards (D:1)
  6 goblins
  5 rats
35 creatures vanquished.

Notes
Turn   | Place    | Note
-------+----------+-------------------------------------------
     0 | D:1      | Decritt the Spriggan Hunter began the quest for the Orb.
     0 | D:1      | Reached XP level 1. HP: 10/10 MP: 2/2
   344 | D:1      | Reached XP level 2. HP: 15/15 MP: 3/3
   379 | D:1      | Found Same Xit's Book Boutique.
   994 | D:2      | Found a faded altar of an unknown god.
  1529 | D:2      | Found a runed translucent door.
  1530 | D:2      | Noticed Crazy Yiuf
  1563 | D:2      | Killed Crazy Yiuf
  1564 | D:2      | Reached XP level 3. HP: 18/18 MP: 4/4
  2043 | D:3      | Reached XP level 4. HP: 23/23 MP: 5/5
  2171 | D:3      | Found a radiant altar of Vehumet.
  2172 | D:3      | Noticed an ogre
  2190 | D:3      | Mangled by an ogre

Illustrated notes

Levels and vault maps discovered:
D:1:      mainiacjoe_arrival_reflecting_pool, layout_basic, serial_forest,
          infiniplex_forest_end_1, infiniplex_forest_clump_curved,
          infiniplex_forest_end_2, infiniplex_forest_end_1,
          infiniplex_forest_end_2, infiniplex_forest_straight_1, serial_shops,
          shop_statue, hangedman_decor_clover_reticule
D:2:      layout_basic, basic_ecumenical_altar, uniq_crazy_yiuf_cottage
D:3:      layout_loops_corners, mainiacjoe_overflow_six_doors_small,
          nzn_wu_jian_contemplation, serial_aquarium,
          aquarium_bridge_long_joined [aquarium_subvault_wall,
          aquarium_subvault_window, aquarium_subvault_balcony,
          aquarium_subvault_bridge, aquarium_subvault_bridge,
          aquarium_subvault_bridge], aquarium_bridge_square
          [aquarium_subvault_window, aquarium_subvault_wall,
          aquarium_subvault_bridge, aquarium_subvault_wall], aquarium_window_1,
          aquarium_window_1, aquarium_view_2f, aquarium_view_2e, uniq_natasha

Skill      XL: |  1  2 |
---------------+-------+-----
Stealth        | 2 |  2.7
Dodging        | 3 |  3.5
Fighting       | 2 |  2.4
Ranged Weapons | |  4.6

Action                   |  1- 3 |  4- 6 || total
-------------------------+-------+-------++-------
 Fire: Shortbow          |    95 |    11 ||   106
Armor: Robe              |     2 |       ||     2
Dodge: Dodged            |    34 |     1 ||    35

Table legend: (Time is in decaauts)
 A = Elapsed time spent in this place.
 B = Non-inter-level travel time spent in this place.
 C = Inter-level travel time spent in this place.
 D = Time resting spent in this place.
 E = Time spent auto-exploring this place.
 F = Levels seen in this place.
 G = Mean time per level.
                   A        B        C        D        E       F      G
               +--------+--------+--------+--------+--------+-----+--------+
         Total |   1528 |   1501 |     27 |      0 |   1249 |   3 |  509.3 |
       Dungeon |   1528 |   1501 |     27 |      0 |   1249 |   3 |  509.3 |
               +--------+--------+--------+--------+--------+-----+--------+

Top non-repeatable levels by time:
     D:1: 734 daAuts
     D:2: 601 daAuts
     D:3: 192 daAuts
